 Dungeon Crawl Stone Soup version 0.21.1-1-g345015f (webtiles) character file.

139 Melicamp the Skirmisher (level 5, -2/44 HPs)
             Began as a Barachi Monk on Mar 30, 2018.
             Killed from afar by a gnoll (17 damage)
             ... with a wand of acid (4)
             ... on level 3 of the Dungeon on Mar 31, 2018.
             The game lasted 00:17:07 (3846 turns).

Melicamp the Skirmisher (Barachi Monk)              Turns: 3846, Time: 00:17:08

Health: -2/44      AC:  2    Str: 13    XL:     5   Next: 22%
Magic:  7/7        EV: 13    Int: 10    God:
Gold:   74         SH:  0    Dex: 15    Spells: 5/6 levels left

rFire    . . .     SeeInvis .   a - +0 mace
rCold    . . .     Gourm    .   (no shield)
rNeg     . . .     Faith    .   b - +0 robe
rPois    .         Spirit   .   (no helmet)
rElec    .         Reflect  .   (no cloak)
rCorr    .         Harm     .   (no gloves)
MR       .....                  (no boots)
Stlth    ++........             (no amulet)
HPRegen  0.14/turn              (no ring)
MPRegen  0.10/turn              (no ring)

@: slow
A: +LOS, swims, slowness 1, strong legs 1
a: Hop


You were on level 3 of the Dungeon.
You were not hungry.

You visited 1 branch of the dungeon, and saw 3 of its levels.

You collected 74 gold pieces.

Inventory:

Hand Weapons
 a - a +0 mace (weapon)
 n - a +0 flail
Missiles
 d - a throwing net
 e - 79 stones (quivered)
 h - 23 arrows
Armour
 b - a +0 robe (worn)
 j - a cursed +0 ring mail
 k - a +0 pair of gloves
Potions
 f - a potion of ambrosia {unknown}
 g - a potion of flight {unknown}
 i - a potion of curing
Books
 l - Vehumet's Catalogue of Attacks
   (You found it on level 2 of the Dungeon)

   Spells                             Type                      Level
   a - Magic Dart                     Conjuration                  1
Comestibles
 c - 5 rations
 m - 4 chunks of flesh


   Skills:
 - Level 5.1 Fighting
 * Level 4.9 Maces & Flails
 - Level 3.2 Dodging
 - Level 1.7 Stealth
 + Level 1.4 Spellcasting


You had 5 spell levels left.
You knew the following spells:

 Your Spells              Type           Power        Failure   Level  Hunger
a - Magic Dart            Conj           #...         32%         1    ##.....


Dungeon Overview and Level Annotations

Branches:
Dungeon (3/15)

Altars:
Ashenzari
Elyvilon
Kikubaaqudgha
Makhleb
Sif Muna
Vehumet
Wu Jian


Innate Abilities, Weirdness & Mutations

Shadows flee at your approach. (+LOS)
You can swim through water.
You cover ground slowly.
You can hop short distances.


Message History

You see here a rat skeleton.
It was a potion of curing.
You feel better.
An orc wizard comes into view. It is wielding a dagger.
The gnoll shouts!
The gnoll closely misses you.
You hear a shout!
The gnoll shouts!
Some of the chunks of flesh in your inventory have rotted away.
You closely miss the gnoll. You hit the gnoll but do no damage.
The gnoll hits you with a spear!
A gnoll comes into view. It is wielding a vampiric spear.
The gnoll hits you from afar with a spear!
The gnoll hits you from afar with a vampiric spear.
The gnoll hits you with a spear. The gnoll completely misses you.
The gnoll barely misses you.
You hit the gnoll.
The gnoll is lightly wounded.
The gnoll barely misses you. The gnoll closely misses you.
The gnoll hits you with a vampiric spear.
The gnoll barely misses you.
The gnoll zaps a wand.
The bolt of acid hits you!
You die...

.. # #.. ###############g o....
#...............#############....
#..............(.................
.................................
.........## #....######........
.).....[.# ###g÷......#####..
..######## #@.g.####...#.....
..#### #.#######.#.#.....
.....###########.#.......#.#.....
..<#....................##.......
##.#########............###......
#..).# #######......o........
#####.#### #............#.....
..#......####...##...............
..............# #......###......


You could see 2 gnolls.

Vanquished Creatures
  3 gnolls (D:2)
  4 adders
  3 worms (D:2)
  A dart slug (D:1)
  3 leopard geckos
  6 orcs (D:3)
  4 giant cockroaches
  7 goblins
  10 hobgoblins
  5 kobolds
  3 bats
  A frilled lizard (D:2)
  10 rats
60 creatures vanquished.

Notes
Turn   | Place    | Note
-------+----------+-------------------------------------------
     0 | D:1      | Melicamp the Barachi Monk began the quest for the Orb.
     0 | D:1      | Reached XP level 1. HP: 18/18 MP: 1/1
   167 | D:1      | Reached skill level 4 in Fighting
   210 | D:1      | Reached XP level 2. HP: 25/25 MP: 2/2
   759 | D:1      | Reached XP level 3. HP: 31/31 MP: 3/3
  1430 | D:2      | Reached skill level 5 in Fighting
  2086 | D:2      | Found an ancient bone altar of Kikubaaqudgha.
  2105 | D:2      | Found a deep blue altar of Sif Muna.
  2108 | D:2      | Found a radiant altar of Vehumet.
  2112 | D:2      | Identified Vehumet's Catalogue of Attacks
  2120 | D:2      | Learned a level 1 spell: Magic Dart
  2321 | D:2      | Reached XP level 4. HP: 39/39 MP: 4/4
  2789 | D:2      | Reached skill level 1 in Spellcasting
  3362 | D:3      | Reached XP level 5. HP: 41/44 MP: 6/6
  3628 | D:3      | Found a burning altar of Makhleb.
  3628 | D:3      | Found an ornate altar of the Wu Jian Council.
  3776 | D:3      | Found a shattered altar of Ashenzari.
  3776 | D:3      | Found a white marble altar of Elyvilon.
  3809 | D:3      | Noticed an orc warrior
  3846 | D:3      | Killed from afar by a gnoll

Skill      XL: |  1  2  3  4 |
---------------+-------------+-----
Fighting       | 4 5 |  5.1
Maces & Flails | 4 |  4.9
Spellcasting   | 1 |  1.4
Dodging        | |  3.2
Stealth        | |  1.7

Action                   |  1- 3 |  4- 6 || total
-------------------------+-------+-------++-------
Melee: Mace              |   119 |    94 ||   213
Throw: Throwing net      |     2 |     1 ||     3
       Stone             |    23 |    38 ||    61
 Abil: Hop               |       |     1 ||     1
  Use: Scroll            |     1 |       ||     1
       Potion            |       |     1 ||     1
 Stab: Sleeping          |     3 |       ||     3
  Eat: Chunk             |     5 |     2 ||     7
       Ration            |       |     1 ||     1
Armor: Robe              |    11 |     6 ||    17
Dodge: Dodged            |    64 |    57 ||   121
